 Dungeon Crawl Stone Soup version 0.31-a0-702-gf82c85558f (webtiles) character file.

Game seed: 13329644290685920705

340 qw the Shooter (level 6, -5/39 HPs)
             Began as a Gargoyle Hunter on Sept 8, 2023.
             Splashed by a jelly's acid (7 damage)
             ... on level 6 of the Dungeon.
             The game lasted 00:01:19 (2611 turns).

qw the Shooter (Gargoyle Hunter)                    Turns: 2611, Time: 00:01:20

Health: -5/39      AC:  9    Str: 15    XL:     6   Next: 56%
Magic:  6/6        EV: 11    Int:  9    God:
Gold:   269        SH:  0    Dex: 15    Spells: 5/5 levels left

rFire   . . .        Y - +0 shortbow
rCold   . . .        (shield currently unavailable)
rNeg    + . .        d - +0 ring mail
rPois   inf          (no helmet)
rElec   +            (no cloak)
rCorr   .            (no gloves)
SInv    .            (no boots)
Will    .....        (no amulet)
Stlth   +            (no ring)
HPRegen 0.26/turn    (no ring)
MPRegen 0.10/turn

%: no passive effects
@: about to teleport
A: sickness immunity, AC +4, negative energy resistance 1, electricity
resistance, torment resistance 1, petrification resistance
a: no special abilities


You were on level 6 of the Dungeon.
You visited 1 branch of the dungeon, and saw 5 of its levels.

You collected 269 gold pieces.


Innate Abilities, Weirdness & Mutations

You are immune to sickness and miasma.
Your stone body is resilient. (AC +4)
You are immune to poison.
You resist negative energy. (rN+)
You are resistant to electric shocks. (rElec)
You are resistant to unholy torment.
You are immune to petrification.


   Skills:
 - Level 4.7 Fighting
 + Level 6.3 Ranged Weapons
 - Level 1.5 Armour
 - Level 1.5 Dodging
 - Level 1.1 Stealth


You had 5 spell levels left.
You didn't know any spells.
Your spell library was empty.

Inventory:

Hand Weapons
 Y - a +0 shortbow (weapon)
Armour
 d - a +0 ring mail (worn)
 j - a scarf of invisibility
Scrolls
 a - 2 scrolls of identify
Potions
 b - a potion of degeneration {unknown}
 c - 3 potions of mutation {unknown}
 e - a potion of brilliance {unknown}
 f - a potion of haste
 g - a potion of lignification {unknown}
 i - a potion of enlightenment {unknown}
 k - a potion of magic {unknown}

Dungeon Overview and Level Annotations

Branches:
Dungeon (6/15)
 Temple: D:4-7

Altars:
Dithmenos
Nemelex Xobeh
Xom

Shops:
D:4 :


Message History

The jelly barely misses you. The scorpion stings you.
You shoot an arrow.
The arrow hits the scorpion but does no damage.
The scorpion is moderately wounded.
The scorpion stings you but does no damage.
The jelly closely misses you.
You shoot an arrow.
The arrow hits the scorpion but does no damage.
The scorpion is moderately wounded.
The scorpion closely misses you. The jelly hits you but does no damage.
You shoot an arrow. The arrow hits the scorpion.
The scorpion is moderately wounded.
The scorpion closely misses you. The jelly hits you but does no damage.
The scorpion stings you but does no damage.
You shoot an arrow.
The arrow hits the scorpion but does no damage.
The scorpion is moderately wounded.
The jelly hits you but does no damage. The scorpion stings you.
The jelly hits you but does no damage.
The scorpion stings you but does no damage.
You shoot an arrow. The arrow barely misses the scorpion.
You hear the slow rusting of a very distant drain.
The scorpion barely misses you. The jelly hits you but does no damage.
You shoot an arrow.
The arrow hits the scorpion but does no damage.
The scorpion is moderately wounded.
The scorpion stings you but does no damage.
The jelly hits you but does no damage.
You shoot an arrow. The arrow barely misses the scorpion.
The scorpion stings you. The jelly hits you.
You are splashed with acid!
The scorpion closely misses you.
You shoot an arrow. The arrow hits the scorpion.
The scorpion is heavily wounded.
The scorpion stings you but does no damage.
The jelly hits you.
You are splashed with acid!
2611 ||| READING scroll of teleportation.
As you read the scroll of teleportation, it crumbles to dust.
You feel strangely unstable. The scorpion closely misses you.
The jelly hits you.
You are splashed with acid!
You die...

### #. ... #.
...#. #.#. .#
#...### .##
.####.<.. .. .
.....#.J## .# .
#...s@.##.# .#
#..#......##.###
#...............
#.######........
##.####..>.......#
#.......#........#
#................#
.................#
#.######.........#


You could see a scorpion and a jelly.

Vanquished Creatures
  Pargi (D:4)
  A jelly (D:4)
  An orc wizard (D:4)
  Ijyb (D:3)
  Robin (D:4)
  3 gnolls (D:2)
  4 adders
  A worm (D:3)
  3 dart slugs
  8 orcs
  7 ball pythons
  4 bats
  9 endoplasms
  2 giant cockroaches
  12 goblins
  4 hobgoblins
  2 quokkas
  2 frilled lizards
  7 kobolds
  6 rats
79 creatures vanquished.

Notes
Turn   | Place    | Note
-------+----------+-------------------------------------------
     0 | D:1      | qw the Gargoyle Hunter began the quest for the Orb.
     0 | D:1      | Reached XP level 1. HP: 12/12 MP: 1/1
     0 | D:1      | 0 ||| qw: Version: 0.3-a-76-g4403597
     0 | D:1      | 0 ||| qw: Game counter: 1057
     0 | D:1      | 0 ||| qw: Melee chars always use a shield: true
     0 | D:1      | 0 ||| qw: God list: Okawaru
     0 | D:1      | 0 ||| qw: Allow faded altars: false
     0 | D:1      | 0 ||| qw: Do Orc after clearing Dungeon:15 true
     0 | D:1      | 0 ||| qw: Do second Lair branch before Depths: true
     0 | D:1      | 0 ||| qw: Lair rune preference: random
     0 | D:1      | 0 ||| qw: Goals: Normal
     0 | D:1      | 0 ||| PLANNING D:1-11
   139 | D:1      | Reached XP level 2. HP: 17/17 MP: 2/2
   164 | D:1      | Found a faded altar of an unknown god.
   598 | D:1      | 598 ||| UPGRADING to +0 ring mail.
   608 | D:1      | 608 ||| DROPPING +0 leather armour.
   609 | D:1      | 609 ||| READING scroll labelled FOICAI PINO.
   610 | D:1      | 610 ||| READING scroll labelled MIDIARIDIA.
   611 | D:1      | 611 ||| READING scroll labelled VAUNU PEXODAOH.
   612 | D:1      | 612 ||| READING scroll labelled VALETE JYROUBU.
   613 | D:1      | 613 ||| DRINKING 2 golden potions.
   614 | D:1      | 614 ||| DROPPING scroll of butterflies.
   683 | D:2      | Reached XP level 3. HP: 21/21 MP: 3/3
   747 | D:2      | Reached skill level 1 in Armour
   756 | D:2      | Reached skill level 5 in Ranged Weapons
   758 | D:2      | 758 ||| FLEEEEING.
   856 | D:2      | Reached XP level 4. HP: 27/27 MP: 4/4
  1077 | D:2      | Reached skill level 3 in Fighting
  1193 | D:2      | 1193 ||| READING scroll labelled KALIPRIEFIT.
  1194 | D:2      | 1194 ||| READING scroll labelled HAMAFROARCH.
  1201 | D:3      | Found a shadowy altar of Dithmenos.
  1539 | D:3      | Found a shimmering altar of Xom.
  1589 | D:3      | Noticed Ijyb
  1602 | D:3      | Paralysed by Ijyb for 5 turns
  1608 | D:3      | Killed Ijyb
  1609 | D:3      | Reached XP level 5. HP: 31/32 MP: 5/5
  1626 | D:3      | Found a sparkling altar of Nemelex Xobeh.
  1926 | D:3      | 1926 ||| DROPPING +2 sling of freezing.
  1979 | D:3      | 1979 ||| READING 2 scrolls labelled YHO NUKOIPPIUTE.
  1982 | D:3      | 1982 ||| READING scroll labelled APIZXUXT CORRI.
  1983 | D:3      | 1983 ||| READING scroll labelled QEVYUQ JUGGUYW.
  1984 | D:3      | 1984 ||| DRINKING 2 bubbling golden potions.
  2080 | D:4      | Noticed Robin
  2093 | D:4      | Killed Robin
  2094 | D:4      | HP: 7/32 [goblin/+0 club[Robin] (4)]
  2095 | D:4      | 2095 ||| READING scroll of teleportation.
  2096 | D:4      | 2096 ||| DRINKING 3 potions of heal wounds.
  2166 | D:4      | Reached skill level 6 in Ranged Weapons
  2212 | D:4      | Noticed Pargi
  2215 | D:4      | 2215 ||| RETREATING.
  2229 | D:4      | 2229 ||| Stepping ~*~*~tactically~*~*~ (retreating).
  2230 | D:4      | 2230 ||| Stepping ~*~*~tactically~*~*~ (retreating).
  2234 | D:4      | 2234 ||| Stepping ~*~*~tactically~*~*~ (retreating).
  2236 | D:4      | 2236 ||| Stepping ~*~*~tactically~*~*~ (retreating).
  2237 | D:4      | 2237 ||| Stepping ~*~*~tactically~*~*~ (retreating).
  2249 | D:4      | HP: 5/32 [Pargi (6)]
  2250 | D:4      | 2250 ||| DRINKING 2 potions of heal wounds.
  2259 | D:4      | HP: 4/32 [Pargi (5)]
  2260 | D:4      | 2260 ||| DRINKING potion of heal wounds.
  2276 | D:4      | Killed Pargi
  2277 | D:4      | Reached XP level 6. HP: 22/39 MP: 6/6
  2441 | D:4      | 2441 ||| FLEEEEING.
  2444 | D:4      | 2444 ||| FLEEEEING.
  2508 | D:4      | Found Cayc Oppady's Book Shoppe.
  2510 | D:4      | You fall into a shaft and drop 2 floors!
  2511 | D:6      | 2511 ||| PLANNING SEWER
  2610 | D:6      | HP: 2/39 [acid (8)]
  2611 | D:6      | 2611 ||| READING scroll of teleportation.
  2611 | D:6      | Splashed by a jelly's acid

Levels and vault maps discovered:
D:1:      mrwooster_arrival_statue_3, layout_loops_cross,
          ebering_ecumenical_altar_webs
D:2:      layout_loops_cross
D:3:      layout_loops_corners, mainiacjoe_overflow_catch_the_wave,
          amcnicky_altar_gilded, uniq_ijyb
D:4:      layout_basic, serial_shops, nicolae_shop_stone, uniq_robin, uniq_pargi
D:6:      layout_basic, mainiacjoe_overflow_concentric_impassable,
          mainiacjoe_overflow_chevrons, nicolae_overflow_crystal_walls,
          minmay_temple_entry_tees, gup_sewer_entry_bubbles

Skill      XL: |  1  2  3  4  5 |
---------------+----------------+-----
Armour         | 1 |  1.5
Ranged Weapons | 5 6 |  6.3
Fighting       | 3 4 |  4.7
Dodging        | |  1.5
Stealth        | |  1.1

Action                     |  1- 3 |  4- 6 || total
---------------------------+-------+-------++-------
   Fire: Shortbow          |    52 |   275 ||   327
    Use: Scroll            |     4 |     7 ||    11
         Potion            |     1 |     4 ||     5
 Armour: Ring mail         |     6 |   268 ||   274
  Dodge: Dodged            |     3 |   150 ||   153

Table legend:
 A = Non-vault XP
 B = Vault XP
 C = Vault XP percentage of total XP
 D = Non-vault monster count
 E = Vault monster count
 F = Vault count percentage of total count
                 A         B        C        D         E       F
            +---------+---------+-------+---------+---------+-------
      Total |     286 |     200 |  41.2 |      65 |      14 |  17.7
            +---------+---------+-------+---------+---------+-------
        D:1 |      30 |       0 |   0.0 |      17 |       0 |   0.0
        D:2 |      90 |       0 |   0.0 |      19 |       0 |   0.0
        D:3 |      25 |      36 |  59.0 |      12 |       1 |   7.7
        D:4 |     141 |     164 |  53.8 |      17 |      13 |  43.3
            +---------+---------+-------+---------+---------+-------
